 Dungeon Crawl Stone Soup version 0.28-a0-630-g0357d9c091 (webtiles) character file.

Game seed: 6671761440195642038

168 Ijustatesigmund the Chopper (level 5, -4/47 HPs)
             Began as a Gnoll Cinder Acolyte on Oct 8, 2021.
             Was an Elder of Ignis.
             Slain by an ice beast (5 damage)
             ... on level 3 of the Dungeon on Oct 9, 2021.
             The game lasted 00:06:08 (2668 turns).

Ijustatesigmund the Chopper (Gnoll Cinder Acolyte)  Turns: 2668, Time: 00:06:09

Health: -4/47      AC: 14    Str: 13    XL:     5   Next: 48%
Magic:  18/18      EV:  6    Int: 14    God:    Ignis [****..]
Gold:   132        SH:  0    Dex:  8    Spells: 10/10 levels left

rFire   + + .      SeeInvis .   a - -1 hand axe (flame)
rCold   . . .      Faith    .   (no shield)
rNeg    + . .      Spirit   .   b - +0 chain mail
rPois   .          Reflect  .   f - +2 hat
rElec   .          Harm     .   (no cloak)
rCorr   .          Rampage  .   (no gloves)
Will    .....                   (no boots)
Stlth   ..........              (no amulet)
HPRegen 0.15/turn               j - ring of positive energy
MPRegen 0.16/turn               c - ring of Toizauxa {rF+ MP+9 AC+4 Stlth+}

@: no status effects
A: fangs 1, strong nose, distributed training
a: Renounce Religion, Sea of Fire, Foxfire Swarm, Rising Flame


You were on level 3 of the Dungeon.
You worshipped Ignis.
Ignis was greatly pleased with you.
You visited 1 branch of the dungeon, and saw 3 of its levels.

You collected 132 gold pieces.

Inventory:

Hand Weapons
 a - a -1 hand axe of flaming (weapon)
Armour
 b - a +0 chain mail (worn)
 f - a +2 hat (worn)
Jewellery
 c - the ring of Toizauxa (right hand) {rF+ MP+9 AC+4 Stlth+}
   (You acquired it on level 2 of the Dungeon)

   [ring of protection]

   AC:        It affects your AC (+4).
   rF:        It protects you from fire.
   MP:        It affects your magic capacity (+9).
   Stlth:     It makes you more stealthy.
 d - a ring of resist corrosion
 j - a ring of positive energy (left hand)
Potions
 e - 4 potions of attraction {unknown}
 g - 2 potions of lignification {unknown}
 k - 2 potions of magic {unknown}


   Skills:
 + Level 6.7 Fighting
 + Level 1.5 Short Blades
 + Level 1.5 Long Blades
 + Level 6.7 Axes
 + Level 1.5 Maces & Flails
 + Level 1.5 Polearms
 + Level 1.5 Staves
 + Level 1.5 Slings
 + Level 1.5 Bows
 + Level 1.5 Crossbows
 + Level 1.5 Throwing
 + Level 1.5 Armour
 + Level 1.5 Dodging
 + Level 1.5 Stealth
 + Level 1.5 Shields
 + Level 1.5 Unarmed Combat
 + Level 3.2 Spellcasting
 + Level 1.2 Conjurations
 + Level 1.2 Hexes
 + Level 1.2 Summonings
 + Level 1.2 Necromancy
 + Level 1.2 Translocations
 + Level 1.2 Transmutations
 + Level 5.5 Fire Magic
 + Level 1.2 Ice Magic
 + Level 1.2 Air Magic
 + Level 1.2 Earth Magic
 + Level 1.2 Poison Magic
 + Level 1.7 Invocations
 + Level 1.5 Evocations


You had 10 spell levels left.
You didn't know any spells.
Your spell library contained the following spells:

 Spells                   Type           Power      Damage    Failure   Level
 Scorch                   Fire           34%        2d6       73%         2


Dungeon Overview and Level Annotations

Branches:
Dungeon (3/15)

Altars:
Wu Jian

Shops:
D:2 :


Innate Abilities, Weirdness & Mutations

You have very sharp teeth.
Your uncanny sense of smell can sniff out nearby items.
Your experience applies equally to all skills.


Message History

The ice beast hits you. The ice beast freezes you!
You hit the ice beast but do no damage.
The ice beast is moderately wounded.
The ice beast hits you but does no damage.
You hit the ice beast.
You melt the ice beast.
The ice beast is moderately wounded.
The ice beast closely misses you.
You hit the ice beast.
You melt the ice beast.
The ice beast is heavily wounded.
The ice beast hits you but does no damage.
Your chain mail prevents you from hitting the ice beast.
You bite the ice beast, but do no damage.
The ice beast is heavily wounded.
The ice beast hits you but does no damage.
You hit the ice beast but do no damage.
The ice beast is heavily wounded.
The ice beast barely misses you.
You barely miss the ice beast.
The ice beast is heavily wounded.
The ice beast hits you but does no damage.
You closely miss the ice beast.
The ice beast is heavily wounded.
The ice beast hits you but does no damage.
You hit the ice beast.
You melt the ice beast.
The ice beast is heavily wounded.
The ice beast hits you but does no damage.
You barely miss the ice beast.
The ice beast is heavily wounded.
The ice beast hits you but does no damage.
Your chain mail prevents you from hitting the ice beast.
You bite the ice beast, but do no damage.
The ice beast is heavily wounded.
The ice beast hits you. The ice beast freezes you!
* * * LOW HITPOINT WARNING * * *
You hit the ice beast but do no damage.
The ice beast is heavily wounded.
The ice beast hits you.
* * * LOW HITPOINT WARNING * * *
The ice beast freezes you.
You die...

*,,,,,,>,,**,* ##..#...#.......
*,,,,,*,,,,,,*##*#.........###...
*,,,,,*,****,,..##........## *...
*,,,,,*,* *,**..........## *#..
*,,,,,*,* *,***#........######..
*,,,,,,,* #,* #................
*,,,,,,,*###.####...............,
*******,,..............††.......,
*,*......Y@?..............,
*,*.......................,
*,*.........######......).,
*,*.........# #...#.##.*
*,*.........# ***#.......,*
*,*.........# *,,...$....,,
**,*###.##.### *,,,......,,,
*,,,,*#.*#.,****,,,,,....,,,
*,,,,,,,,,,,,,,,,,,,,,,,,,,,


You could see an ice beast.

Vanquished Creatures
  Natasha (thrice) (D:2)
  A gnoll (D:1)
  An adder (D:2)
  A worm (D:3)
  A dart slug (D:1)
  An orc (D:3)
  7 endoplasms
  2 giant cockroaches
  11 hobgoblins
  8 jackals
  2 quokkas (D:1)
  6 ball pythons
  5 bats
  5 frilled lizards
  4 goblins
  2 kobolds (D:2)
  4 rats
64 creatures vanquished.

Vanquished Creatures (others)
  25 foxfires (D:1)
  8 plants (D:2)
  11 withered plants (D:2)
44 creatures vanquished.

Grand Total: 108 creatures vanquished

Notes
Turn   | Place    | Note
-------+----------+-------------------------------------------
     0 | D:1      | Ijustatesigmund the Gnoll Cinder Acolyte began the quest
                  | for the Orb.
     0 | D:1      | Reached XP level 1. HP: 23/23 MP: 4/4
   408 | D:1      | Reached XP level 2. HP: 29/29 MP: 5/5
   697 | D:1      | Reached XP level 3. HP: 35/35 MP: 7/7
   881 | D:1      | Reached skill level 1 in Invocations
  1257 | D:2      | Found Ugowo's Book Shoppe.
  1494 | D:2      | Reached skill level 1 in Short Blades
  1494 | D:2      | Reached skill level 1 in Long Blades
  1494 | D:2      | Reached skill level 1 in Maces & Flails
  1494 | D:2      | Reached skill level 1 in Polearms
  1494 | D:2      | Reached skill level 1 in Staves
  1494 | D:2      | Reached skill level 1 in Slings
  1494 | D:2      | Reached skill level 1 in Bows
  1494 | D:2      | Reached skill level 1 in Crossbows
  1494 | D:2      | Reached skill level 1 in Throwing
  1494 | D:2      | Reached skill level 1 in Armour
  1494 | D:2      | Reached skill level 1 in Dodging
  1494 | D:2      | Reached skill level 1 in Stealth
  1494 | D:2      | Reached skill level 1 in Shields
  1494 | D:2      | Reached skill level 1 in Unarmed Combat
  1494 | D:2      | Reached skill level 1 in Evocations
  1497 | D:2      | Reached XP level 4. HP: 41/41 MP: 8/8
  1825 | D:2      | Noticed Natasha
  1835 | D:2      | Killed Natasha
  1836 | D:2      | Reached skill level 1 in Conjurations
  1836 | D:2      | Reached skill level 1 in Hexes
  1836 | D:2      | Reached skill level 1 in Summonings
  1836 | D:2      | Reached skill level 1 in Necromancy
  1836 | D:2      | Reached skill level 1 in Translocations
  1836 | D:2      | Reached skill level 1 in Transmutations
  1836 | D:2      | Reached skill level 1 in Ice Magic
  1836 | D:2      | Reached skill level 1 in Air Magic
  1836 | D:2      | Reached skill level 1 in Earth Magic
  1836 | D:2      | Reached skill level 1 in Poison Magic
  1911 | D:2      | Noticed Natasha
  1912 | D:2      | Upgraded the game from 0.28-a0-627-g4e9751bbfc to
                  | 0.28-a0-630-g0357d9c091
  1923 | D:2      | Killed Natasha
  1924 | D:2      | Reached XP level 5. HP: 29/47 MP: 9/9
  2050 | D:2      | Found a faded altar of an unknown god.
  2163 | D:2      | Noticed Natasha
  2177 | D:2      | Killed Natasha
  2219 | D:2      | Identified a scroll of acquirement
  2219 | D:2      | Acquired the ring of Toizauxa {rF+ MP+9 AC+4 Stlth+}
  2563 | D:3      | Found an ornate altar of the Wu Jian Council.
  2642 | D:3      | Noticed an ice beast
  2668 | D:3      | HP: 1/47 [ice beast (2)]
  2668 | D:3      | Slain by an ice beast

Illustrated notes

Levels and vault maps discovered:
D:1:      zaba_arrival_water, layout_rooms,
          hangedman_abyss_or_decor_lesser_grid,
          wander_ebering_terrifying_dragon_lair
D:2:      layout_basic, shapermc_ecumenical_altar_flowoftime, serial_shops,
          nicolae_shop_waterfront, kennysheep_another_room,
          kennysheep_decorative_pillar, minmay_circle_x, uniq_natasha
D:3:      layout_rooms, mainiacjoe_overflow_paths, mainiacjoe_overflow_alcove_1,
          portal_sewer_entry_b

Skill      XL: |  1  2  3  4 |
---------------+-------------+-----
Invocations    | 1 |  1.7
Short Blades   | 1 |  1.5
Long Blades    | 1 |  1.5
Maces & Flails | 1 |  1.5
Polearms       | 1 |  1.5
Staves         | 1 |  1.5
Slings         | 1 |  1.5
Bows           | 1 |  1.5
Crossbows      | 1 |  1.5
Throwing       | 1 |  1.5
Armour         | 1 |  1.5
Dodging        | 1 |  1.5
Stealth        | 1 |  1.5
Shields        | 1 |  1.5
Unarmed Combat | 1 |  1.5
Evocations     | 1 |  1.5
Spellcasting   | 3 |  3.2
Conjurations   | 1 |  1.2
Hexes          | 1 |  1.2
Summonings     | 1 |  1.2
Necromancy     | 1 |  1.2
Translocations | 1 |  1.2
Transmutations | 1 |  1.2
Ice Magic      | 1 |  1.2
Air Magic      | 1 |  1.2
Earth Magic    | 1 |  1.2
Poison Magic   | 1 |  1.2
Fighting       | |  6.7
Axes           | |  6.7
Fire Magic     | |  5.5

Action                   |  1- 3 |  4- 6 || total
-------------------------+-------+-------++-------
Melee: Hand axe          |    99 |   192 ||   291
       Bite              |     5 |    16 ||    21
       Punch             |       |     1 ||     1
Invok: Foxfire Swarm     |     2 |       ||     2
       Sea of Fire       |     1 |       ||     1
  Use: Scroll            |       |     5 ||     5
Armor: Robe              |    10 |       ||    10
       Chain mail        |    48 |   120 ||   168
Dodge: Dodged            |    52 |    41 ||    93

Table legend: (Time is in decaauts)
 A = Elapsed time spent in this place.
 B = Non-inter-level travel time spent in this place.
 C = Inter-level travel time spent in this place.
 D = Time resting spent in this place.
 E = Time spent auto-exploring this place.
 F = Levels seen in this place.
 G = Mean time per level.
                   A        B        C        D        E       F      G
               +--------+--------+--------+--------+--------+-----+--------+
         Total |   2682 |   2610 |     72 |    401 |   1670 |   3 |  894.0 |
       Dungeon |   2682 |   2610 |     72 |    401 |   1670 |   3 |  894.0 |
               +--------+--------+--------+--------+--------+-----+--------+

Top non-repeatable levels by time:
     D:1: 1251 daAuts
     D:2: 1241 daAuts
     D:3: 188 daAuts
